 Dungeon Crawl Stone Soup version 0.27.1-34-g3ba077fa99 (webtiles) character file.

Game seed: 11504646606482518043

18 lonewolfV2 the Skirmisher (level 2, -2/19 HPs)
             Began as a Gargoyle Fighter on Jan 5, 2022.
             Slain by a jackal (3 damage)
             ... on level 1 of the Dungeon.
             The game lasted 00:00:55 (648 turns).

lonewolfV2 the Skirmisher (Gargoyle Fighter)         Turns: 648, Time: 00:00:55

Health: -2/19      AC:  9    Str: 19    XL:     2   Next: 66%
Magic:  2/2        EV:  7    Int:  8    God:
Gold:   39         SH:  9    Dex:  9    Spells: 1/1 levels left

rFire    . . .     SeeInvis .   a - +0 flail
rCold    . . .     Faith    .   c - +0 kite shield
rNeg     + . .     Spirit   .   b - +0 scale mail
rPois    ∞         Reflect  .   (no helmet)
rElec    +         Harm     .   (no cloak)
rCorr    .         Rampage  .   (no gloves)
Will     .....                  (no boots)
Stlth    ..........             (no amulet)
HPRegen  0.06/turn              (no ring)
MPRegen  0.08/turn              (no ring)

@: no status effects
A: sickness immunity, AC +2, negative energy resistance 1, electricity
resistance, torment resistance 1, petrification resistance
a: no special abilities


You were on level 1 of the Dungeon.
You visited 1 branch of the dungeon, and saw 1 of its levels.

You collected 39 gold pieces.

Inventory:

Hand Weapons
 a - a +0 flail (weapon)
Armour
 b - a +0 scale mail (worn)
 c - a +0 kite shield (worn)
Scrolls
 f - a scroll of identify {unknown}
 h - a scroll of fog {unknown}
Potions
 d - a potion of might
 e - a potion of berserk rage {unknown}
 g - a potion of lignification {unknown}
 i - 2 potions of heal wounds {unknown}


   Skills:
 + Level 3.6 Fighting
 + Level 2.4 Maces & Flails
 + Level 3.5 Armour
 + Level 3.4 Shields


You had one spell level left.
You didn't know any spells.
Your spell library contained the following spells:

 Spells                   Type           Power      Damage    Failure   Level
 Olgreb's Toxic Radiance  Pois           0%         N/A       100%        4
 Malign Gateway           Summ/Tloc      0%         N/A       100%        7
 Ozocubu's Refrigeration  Ice            0%         4d5       100%        7
 Ignition                 Fire           0%         3d3       100%        8
 Summon Horrible Things   Summ           0%         N/A       100%        8


Dungeon Overview and Level Annotations

Branches:
Dungeon (1/15)

Altars:


Innate Abilities, Weirdness & Mutations

You are immune to sickness and miasma.
Your stone body is resilient. (AC +2)
You are immune to poison.
You resist negative energy. (rN+)
You are resistant to electric shocks. (rElec)
You are resistant to unholy torment.
You are immune to petrification.


Message History

The jackal bites you but does no damage.
The jackal barely misses you. x2
You hit the jackal.
The jackal is severely wounded.
You block the jackal's attack.
The jackal bites you but does no damage.
The jackal barely misses you. The jackal closely misses you.
The jackal bites you but does no damage. x2
The jackal barely misses you.
You closely miss the jackal.
The jackal is severely wounded.
The jackal bites you but does no damage.
You block the jackal's attack. x2
The jackal bites you but does no damage. x3
You barely miss the jackal.
The jackal is severely wounded.
You block the jackal's attack. x2
The jackal bites you but does no damage.
The jackal bites you.
* * * LOW HITPOINT WARNING * * *
The jackal bites you but does no damage. x2
You hit the jackal.
You kill the jackal!
You block the jackal's attack. x2
The jackal bites you but does no damage.
The jackal barely misses you. You block the jackal's attack. x2
You block the jackal's attack. The jackal closely misses you.
The jackal bites you but does no damage.
The jackal bites you but does no damage.
The jackal barely misses you. You block the jackal's attack.
The jackal barely misses you.
You barely miss the jackal.
The jackal bites you but does no damage. x4
The jackal closely misses you. You block the jackal's attack.
The jackal bites you but does no damage. x2
The jackal bites you but does no damage.
The jackal bites you.
You die...

###....................
..#....................
⌠.#....................
8.#....................
..#.........#..........
.8#.........###.#######
..#.............####
.........#...$..)..#
.........#......@h.#
#...^..#.##.#....h.#
#......#..#.#......#
#......#..#.#......#
###....#...........# #
#....###..#.....## #
#....# #.>......# #
#...## ####.....# #####
#.....#


You could see 2 jackals.

Vanquished Creatures
  A dart slug (D:1)
  A bat (D:1)
  2 goblins (D:1)
  A hobgoblin (D:1)
  2 jackals (D:1)
  2 kobolds (D:1)
  3 ball pythons (D:1)
  A frilled lizard (D:1)
  3 rats (D:1)
16 creatures vanquished.

Notes
Turn   | Place    | Note
-------+----------+-------------------------------------------
     0 | D:1      | lonewolfV2 the Gargoyle Fighter began the quest for the
                  | Orb.
     0 | D:1      | Reached XP level 1. HP: 14/14 MP: 1/1
   344 | D:1      | Reached XP level 2. HP: 19/19 MP: 2/2
   648 | D:1      | Slain by a jackal

Illustrated notes

Levels and vault maps discovered:
D:1:      amcnicky_arrival_feature_with_door, layout_basic,
          chequers_decorated_corner, hangedman_decor_lopped

Action                   || total
-------------------------++-------
Melee: Flail             ||    58
Armor: Scale mail        ||    81
Dodge: Dodged            ||    56
Block: Kite shield       ||    69
